IL
COLUMBUS CLIPPERS @ ROCHESTER RED WINGS
07/17/2045
 
TOP OF THE 1ST
Columbus Clippers batting - Pitching for Rochester Red Wings : LHP Angel Vidaurri
Pitching: LHP Angel Vidaurri
Batting: RHB Jordan Diaz 0-0: Fly out, F8 (Line Drive, 8LD, EV 98.1 MPH)
Batting: LHB Norihide Takata 0-0: Ball
1-0: SINGLE (Line Drive, 89S, EV 108.1 MPH)
Batting: RHB Tommy Baird 0-0: Called Strike
0-1: Called Strike
0-2: Ball
1-2: Ball
2-2: Ball
3-2: 2-RUN HOME RUN (Flyball, 78XD, EV 112.5 MPH), Distance : 438 ft
Batting: RHB Carlos Lopez 0-0: Ball
1-0: Ball
2-0: Called Strike
2-1: Ball
3-1: Foul Ball, location: 2F
3-2: Base on Balls
Batting: LHB Bobby Upton 0-0: Called Strike
0-1: Fly out, F8 (Line Drive, 8LM, EV 98.1 MPH)
Batting: RHB Chris Folse 0-0: Ball
Carlos Lopez steals 2nd base (no throw)
1-0: Called Strike
1-1: Ball
2-1: Foul Ball, location: 2F
2-2: Strikes out swinging
Top of the 1st over - 2 runs, 2 hits, 0 errors, 1 left on base; Columbus 2 - Rochester 0
BOTTOM OF THE 1ST
Rochester Red Wings batting - Pitching for Columbus Clippers : RHP Andy Coats
Pitching: RHP Andy Coats
Batting: RHB Josh Zoglmann 0-0: Called Strike
0-1: Fly out, F9 (Line Drive, 9, EV 86.2 MPH)
Batting: RHB Eric Narrow 0-0: Ball
1-0: Called Strike
1-1: Ball
2-1: Ball
3-1: Reached on error, E6 (Groundball, 6D, EV 102.5 MPH)
Batting: LHB Matt Patnaude 0-0: Ball
1-0: Called Strike
1-1: Ball
Eric Narrow steals 2nd base
2-1: Ball
Passed Ball!
Eric Narrow to third
3-1: Called Strike
3-2: Ground out U3 (Groundball, 3, EV 100.6 MPH)
Batting: LHB Armando Rendon 0-0: Called Strike
0-1: Ball
1-1: Ball
2-1: Called Strike
2-2: Fly out, F9 (Line Drive, 9, EV 96.9 MPH)
Bottom of the 1st over - 0 runs, 0 hits, 1 error, 1 left on base; Columbus 2 - Rochester 0
TOP OF THE 2ND
Columbus Clippers batting - Pitching for Rochester Red Wings : LHP Angel Vidaurri
Batting: RHB Chris Diaz 0-0: Ball
1-0: Called Strike
1-1: Ball
2-1: Ball
3-1: Base on Balls
Pitching: RHP Antonio Alcaraz
Batting: LHB Jeremy DiGenova 0-0: Ball
1-0: Grounds into double play, 1-6-3 (Groundball, P, EV 65.0 MPH)
Batting: LHB Doug Frampton 0-0: Ball
1-0: Ball
2-0: DOUBLE (Flyball, 8RXD, EV 103.8 MPH)
Batting: RHB Jordan Diaz 0-0: Ball
1-0: Ground out 5-3 (Groundball, 56S, EV 64.4 MPH)
Top of the 2nd over - 0 runs, 1 hit, 0 errors, 1 left on base; Columbus 2 - Rochester 0
BOTTOM OF THE 2ND
Rochester Red Wings batting - Pitching for Columbus Clippers : RHP Andy Coats
Batting: RHB Aaron Trotman 0-0: Foul Ball, location: 2F
0-1: Ball
1-1: Ball
2-1: Ball
3-1: Base on Balls
Batting: SHB Aaron Tatar 0-0: Ball
1-0: SINGLE (Groundball, 34D, EV 99.4 MPH)
Aaron Trotman to second
Runner from 2nd tries for 3rd, SAFE, throw by RF made to third
Now at 3B: Michael Meyers
Now in RF: Chris Diaz
Batting: RHB Cesar Yega 0-0: Called Strike
0-1: Swinging Strike
0-2: Fly out, F8 (Flyball, 89M, EV 88.8 MPH)
Batting: SHB Kamiel Akkerman 0-0: Ball
1-0: Swinging Strike
1-1: Ball
2-1: Swinging Strike
2-2: Strikes out swinging
Batting: RHB Alvin Wiederhold 0-0: Ball
1-0: Swinging Strike
1-1: Ball
2-1: Ground out 4-3 (Groundball, 4, EV 106.9 MPH)
Bottom of the 2nd over - 0 runs, 1 hit, 0 errors, 2 left on base; Columbus 2 - Rochester 0
TOP OF THE 3RD
Columbus Clippers batting - Pitching for Rochester Red Wings : RHP Antonio Alcaraz
Batting: LHB Norihide Takata 0-0: Ball
1-0: Ball
2-0: Ball
3-0: Base on Balls
Batting: RHB Tommy Baird 0-0: Ball
Norihide Takata steals 2nd base
1-0: Foul Ball, location: 2F
1-1: Foul Ball, location: 2F
1-2: Ball
2-2: Fly out, F9 (Flyball, 9D, EV 99.4 MPH)
Runner from 2nd tags up, SAFE at 3rd, no throw by RF
Batting: RHB Carlos Lopez 0-0: Ball
1-0: Called Strike
1-1: Swinging Strike
1-2: Foul Ball, location: 2F
1-2: Strikes out swinging
Pitching: LHP Inkei Wakamatsu
Batting: LHB Bobby Upton 0-0: Ground out 6-3 (Groundball, 56, EV 101.9 MPH)
Top of the 3rd over - 0 runs, 0 hits, 0 errors, 1 left on base; Columbus 2 - Rochester 0
BOTTOM OF THE 3RD
Rochester Red Wings batting - Pitching for Columbus Clippers : RHP Andy Coats
Batting: RHB Josh Zoglmann 0-0: Ball
1-0: Ball
2-0: Ball
3-0: Called Strike
3-1: Base on Balls
Batting: RHB Eric Narrow 0-0: Ball
1-0: Fly out, F7 (Flyball, 78M, EV 91.2 MPH)
Batting: LHB Matt Patnaude 0-0: Swinging Strike
0-1: Called Strike
0-2: Ball
Josh Zoglmann is caught stealing 2nd base 2-6
1-2: Foul Ball, location: 2F
1-2: Strikes out swinging
Bottom of the 3rd over - 0 runs, 0 hits, 0 errors, 0 left on base; Columbus 2 - Rochester 0
TOP OF THE 4TH
Columbus Clippers batting - Pitching for Rochester Red Wings : LHP Inkei Wakamatsu
Batting: RHB Chris Folse 0-0: Ball
1-0: Bunt missed!
1-1: Ball
2-1: SINGLE (Groundball, 4MD, EV 106.9 MPH)
Batting: RHB Chris Diaz 0-0: Called Strike
0-1: Ball
1-1: Ball
2-1: Foul Ball, location: 2F
2-2: Strikes out swinging
Batting: LHB Jeremy DiGenova 0-0: Called Strike
Chris Folse is caught stealing 2nd base 2-6
0-1: SINGLE (Groundball, 6MD, EV 95.0 MPH)
Batting: LHB Doug Frampton 0-0: Foul Ball, location: 2F
0-1: Swinging Strike
0-2: Ball
1-2: Ball
2-2: Strikes out swinging
Top of the 4th over - 0 runs, 2 hits, 0 errors, 1 left on base; Columbus 2 - Rochester 0
BOTTOM OF THE 4TH
Rochester Red Wings batting - Pitching for Columbus Clippers : RHP Andy Coats
Batting: LHB Armando Rendon 0-0: Foul Ball, location: 2F
0-1: Ball
1-1: Ball
2-1: Swinging Strike
2-2: Fly out, F7 (Flyball, 7, EV 95.0 MPH)
Batting: RHB Aaron Trotman 0-0: Called Strike
0-1: Ball
1-1: Foul Ball, location: 2F
1-2: Ball
2-2: Foul Ball, location: 2F
2-2: Ground out 5-3 (Groundball, 56, EV 100.0 MPH)
Batting: SHB Aaron Tatar 0-0: Called Strike
0-1: Called Strike
0-2: Strikes out swinging
Bottom of the 4th over - 0 runs, 0 hits, 0 errors, 0 left on base; Columbus 2 - Rochester 0
TOP OF THE 5TH
Columbus Clippers batting - Pitching for Rochester Red Wings : LHP Inkei Wakamatsu
Batting: RHB Michael Meyers 0-0: Swinging Strike
0-1: Ground out 4-3 (Groundball, 4M, EV 90.0 MPH)
Pitching: LHP Pete Zamarron
Batting: LHB Norihide Takata 0-0: Ball
1-0: Ball
2-0: Called Strike
2-1: Ball
3-1: Base on Balls
Batting: RHB Tommy Baird 0-0: Called Strike
Balk!
Norihide Takata to second
0-1: Ball
1-1: Foul Ball, location: 2F
1-2: Foul Ball, location: 2F
1-2: Ball
2-2: SINGLE (Flyball, 89S, EV 92.5 MPH)
Norihide Takata to third
Runner from 3rd tries for Home, SAFE, throw by RF to home
Batting: RHB Carlos Lopez 0-0: Foul Ball, location: 2F
0-1: Ball
1-1: TRIPLE (Flyball, 8RXD, EV 103.1 MPH)
Tommy Baird scores
Batting: LHB Bobby Upton 0-0: Ground out U3 (Groundball, 3, EV 86.9 MPH)
Batting: RHB Chris Folse 0-0: Called Strike
0-1: Ball
1-1: Foul Ball, location: 2F
1-2: Ball
2-2: Ball
3-2: Base on Balls
Pitching: RHP Isidro Aguirre
Batting: RHB Chris Diaz 0-0: Called Strike
0-1: Ball
1-1: Called Strike
1-2: Ground out 5-3 (Groundball, 56S, EV 88.8 MPH)
Top of the 5th over - 2 runs, 2 hits, 0 errors, 2 left on base; Columbus 4 - Rochester 0
BOTTOM OF THE 5TH
Rochester Red Wings batting - Pitching for Columbus Clippers : RHP Andy Coats
Batting: RHB Cesar Yega 0-0: Foul Ball, location: 2F
0-1: Ground out 5-3 (Groundball, 5, EV 102.5 MPH)
Batting: SHB Kamiel Akkerman 0-0: Called Strike
0-1: Foul Ball, location: 2F
0-2: Ball
1-2: Ball
2-2: Foul Ball, location: 2F
2-2: Ball
3-2: Strikes out swinging
Batting: RHB Alvin Wiederhold 0-0: Ball
1-0: SINGLE (Groundball, 4, EV 95.6 MPH)
Batting: RHB Josh Zoglmann 0-0: Ball
1-0: Called Strike
1-1: Foul Ball, location: 2F
1-2: Strikes out swinging
Bottom of the 5th over - 0 runs, 1 hit, 0 errors, 1 left on base; Columbus 4 - Rochester 0
TOP OF THE 6TH
Columbus Clippers batting - Pitching for Rochester Red Wings : RHP Isidro Aguirre
Batting: LHB Jeremy DiGenova 0-0: SINGLE (Groundball, 6D, EV 101.9 MPH)
Batting: LHB Doug Frampton 0-0: Called Strike
0-1: Foul Ball, location: 2F
0-2: Strikes out swinging
Batting: RHB Michael Meyers 0-0: Swinging Strike
0-1: Called Strike
0-2: Ball
1-2: Ball
2-2: Ground out 5-3 (Groundball, 56S, EV 69.4 MPH)
Jeremy DiGenova to second
Batting: LHB Norihide Takata 0-0: Called Strike
0-1: Ball
1-1: SINGLE (Groundball, 56D, EV 105.0 MPH)
Jeremy DiGenova to third
Runner from 3rd tries for Home, SAFE, throw by LF to home
Batting: RHB Tommy Baird 0-0: Ball
1-0: Called Strike
1-1: Ball
2-1: Called Strike
2-2: Fly out, F9 (Flyball, 9D, EV 80.6 MPH)
Top of the 6th over - 1 run, 2 hits, 0 errors, 1 left on base; Columbus 5 - Rochester 0
BOTTOM OF THE 6TH
Rochester Red Wings batting - Pitching for Columbus Clippers : RHP Andy Coats
Pitching: LHP Terry LaPlante
Batting: RHB Eric Narrow 0-0: Called Strike
0-1: Ball
1-1: Swinging Strike
1-2: Ball
2-2: Ball
3-2: Strikes out swinging
Batting: LHB Matt Patnaude 0-0: Called Strike
0-1: Foul Ball, location: 2F
0-2: Ball
1-2: SINGLE (Line Drive, 9S, EV 97.5 MPH)
Batting: LHB Armando Rendon 0-0: Ball
1-0: Called Strike
1-1: Ball
2-1: Swinging Strike
2-2: Foul Ball, location: 2F
2-2: Ball
3-2: Base on Balls
Matt Patnaude to second
Batting: RHB Aaron Trotman 0-0: Grounds into double play, 6-4-3 (Groundball, 6, EV 88.1 MPH)
Bottom of the 6th over - 0 runs, 1 hit, 0 errors, 1 left on base; Columbus 5 - Rochester 0
TOP OF THE 7TH
Columbus Clippers batting - Pitching for Rochester Red Wings : RHP Isidro Aguirre
Pitching: RHP Harry Pratt
Batting: RHB Carlos Lopez 0-0: Called Strike
0-1: SINGLE (Line Drive, 7S, EV 85.6 MPH)
Batting: LHB Bobby Upton 0-0: SINGLE (Line Drive, 78M, EV 110.6 MPH)
Carlos Lopez to second
Batting: RHB Chris Folse 0-0: Ball
1-0: Fielders Choice at 2nd, 4-6 (Groundball, 4MD, EV 103.8 MPH)
Carlos Lopez to third
Batting: RHB Chris Diaz 0-0: Ball
1-0: Ball
2-0: Ball
3-0: Base on Balls
Chris Folse to second
Batting: LHB Jeremy DiGenova 0-0: Called Strike
0-1: SINGLE (Groundball, 4D, EV 98.8 MPH)
Carlos Lopez scores
Chris Folse to third
Chris Diaz to second
Runner from 3rd tries for Home, SAFE, throw by RF to home
Batting: LHB Doug Frampton 0-0: Ball
Passed Ball!
Chris Diaz to third
Jeremy DiGenova to second
1-0: Foul Ball, location: 2F
1-1: 3-RUN HOME RUN (Flyball, 9D, EV 96.9 MPH), Distance : 367 ft
Pitching: RHP Fernando Macias
Batting: RHB Michael Meyers 0-0: DOUBLE (Line Drive, 8LXD, EV 104.4 MPH) - OUT at third base trying to stretch hit.
Batting: LHB Norihide Takata 0-0: Called Strike
0-1: Foul Ball, location: 2F
0-2: Ball
1-2: Fly out, F6 (Line Drive, 6, EV 69.4 MPH)
Top of the 7th over - 5 runs, 5 hits, 0 errors, 0 left on base; Columbus 10 - Rochester 0
BOTTOM OF THE 7TH
Rochester Red Wings batting - Pitching for Columbus Clippers : LHP Terry LaPlante
Pinch Hitting: RHB Joe Zimmerman 0-0: Foul Ball, location: 2F
0-1: Ball
1-1: Swinging Strike
1-2: Ground out 1-3 (Groundball, 15S, EV 76.2 MPH)
Pinch Hitting: RHB Gustavo Mendiola 0-0: Foul Ball, location: 2F
0-1: Ball
1-1: Ball
2-1: Foul Ball, location: 2F
2-2: Ball
3-2: Strikes out swinging
Batting: SHB Kamiel Akkerman 0-0: Ball
1-0: Ball
2-0: Ball
3-0: Called Strike
3-1: Called Strike
3-2: Foul Ball, location: 2F
3-2: Fly out, F4 (Popup, 4, EV 70.6 MPH)
Bottom of the 7th over - 0 runs, 0 hits, 0 errors, 0 left on base; Columbus 10 - Rochester 0
TOP OF THE 8TH
Columbus Clippers batting - Pitching for Rochester Red Wings : RHP Fernando Macias
Now at 1B: Shu-yen Guo
Now in LF: Joe Zimmerman
Batting: RHB Tommy Baird 0-0: Called Strike
0-1: Ball
1-1: Swinging Strike
1-2: Ball
2-2: Ball
3-2: Base on Balls
Batting: RHB Carlos Lopez 0-0: Foul Ball, location: 2F
0-1: Ground out 4-3 (Groundball, 4S, EV 71.9 MPH)
Tommy Baird to second
Batting: LHB Bobby Upton 0-0: Ball
1-0: Called Strike
1-1: Reaches on Catchers interference
Batting: RHB Chris Folse 0-0: Ball
1-0: DOUBLE (Line Drive, 9LM, EV 107.5 MPH)
Tommy Baird scores
Bobby Upton to third
Runner from 3rd tries for Home, throw by RF and OUT! 9-4-2
Pitching: RHP Steve Roepke
Batting: RHB Chris Diaz 0-0: Fly out, F9 (Flyball, 9LM, EV 86.9 MPH)
Top of the 8th over - 1 run, 1 hit, 1 error, 1 left on base; Columbus 11 - Rochester 0
BOTTOM OF THE 8TH
Rochester Red Wings batting - Pitching for Columbus Clippers : LHP Terry LaPlante
Pitching: RHP Jon Samer
Batting: RHB Alvin Wiederhold 0-0: Ball
1-0: Foul Ball, location: 2F
1-1: Called Strike
1-2: Strikes out looking
Batting: RHB Josh Zoglmann 0-0: Ball
1-0: Called Strike
1-1: Called Strike
1-2: Ball
2-2: Ball
3-2: Fly out, F2 (Popup, 25F, EV 73.1 MPH)
Batting: RHB Eric Narrow 0-0: Swinging Strike
0-1: Ball
1-1: Ball
2-1: Swinging Strike
2-2: Ground out 6-3 (Groundball, 56, EV 81.2 MPH)
Bottom of the 8th over - 0 runs, 0 hits, 0 errors, 0 left on base; Columbus 11 - Rochester 0
TOP OF THE 9TH
Columbus Clippers batting - Pitching for Rochester Red Wings : RHP Steve Roepke
Batting: LHB Jeremy DiGenova 0-0: Foul Ball, location: 2F
0-1: Called Strike
0-2: Ball
1-2: Foul Ball, location: 2F
1-2: Ball
2-2: Reached via error on a dropped throw from 1B, E1 (Groundball, 13, EV 82.5 MPH)
Batting: LHB Doug Frampton 0-0: Ball
1-0: Called Strike
1-1: Called Strike
1-2: Ball
2-2: Strikes out swinging
Batting: RHB Michael Meyers 0-0: DOUBLE (Line Drive, 3D, EV 96.2 MPH)
Jeremy DiGenova to third
Runner from 3rd tries for Home, SAFE, throw by RF to home
Batting: LHB Norihide Takata 0-0: Ball
1-0: Ball
2-0: Swinging Strike
2-1: Called Strike
2-2: Ball
3-2: 2-RUN HOME RUN (Flyball, 89XD, EV 103.8 MPH), Distance : 381 ft
Batting: RHB Tommy Baird 0-0: Foul Ball, location: 2F
0-1: Ball
1-1: Fly out, F7 (Line Drive, 7D, EV 90.6 MPH)
Batting: RHB Carlos Lopez 0-0: Ball
1-0: Ball
2-0: Called Strike
2-1: Ball
3-1: Ground out 4-3 (Groundball, 4, EV 79.4 MPH)
Top of the 9th over - 3 runs, 2 hits, 1 error, 0 left on base; Columbus 14 - Rochester 0
BOTTOM OF THE 9TH
Rochester Red Wings batting - Pitching for Columbus Clippers : RHP Jon Samer
Batting: LHB Matt Patnaude 0-0: Ball
1-0: Ball
2-0: Foul Ball, location: 2F
2-1: Ball
3-1: Base on Balls
Batting: LHB Armando Rendon 0-0: Called Strike
0-1: Foul Ball, location: 2F
0-2: Ball
1-2: Foul Ball, location: 2F
1-2: SINGLE (Line Drive, 4D, EV 108.1 MPH)
Matt Patnaude to second
Batting: RHB Aaron Trotman 0-0: Foul Ball, location: 2F
0-1: Swinging Strike
0-2: Strikes out swinging
Pinch Hitting: RHB Takashi Yamada 0-0: Grounds into double play, 5-4-3 (Groundball, 56, EV 81.2 MPH)
Bottom of the 9th over - 0 runs, 1 hit, 0 errors, 1 left on base; Columbus 14 - Rochester 0
Wednesday, June 22nd , 2022 - OOTP Baseball 23.4 Build 64